 Dungeon Crawl Stone Soup version 0.21-a0-414-gba8bdf1 (webtiles) character file.

3836 zero the Cleaver (level 10, -2/58 HPs)
             Began as a Gargoyle Fighter on Nov 2, 2017.
             Was a Believer of Makhleb.
             Slain by a ten-headed hydra (6 damage)
             ... on level 1 of the Lair of Beasts.
             The game lasted 00:11:04 (6660 turns).

zero the Cleaver (Gargoyle Fighter)                 Turns: 6660, Time: 00:11:05

Health: -2/58      AC: 24    Str: 29    XL:     10   Next: 18%
Magic:  0/10       EV: 12    Int: 12    God:    Makhleb [**....]
Gold:   415        SH: 10    Dex: 14    Spells: 9/9 levels left

rFire    . . .     SeeInvis .   a - +1 war axe
rCold    . . .     Gourm    .   c - +0 shield
rNeg     + . .     Faith    .   D - +9 scale mail of a treasure trove {Int+4}
rPois    ∞         Spirit   +   (no helmet)
rElec    +         Reflect  .   G - scarf {Spirit}
rCorr    .         Harm     .   (no gloves)
MR       .....                  (no boots)
Stlth    +.........             l - amulet of regeneration
HPRegen  0.59/turn              g - ring of wizardry
MPRegen  0.12/turn              (no ring)

@: mighty, agile
A: negative energy resistance 1, shaggy fur 1, electricity resistance,
unbreathing, petrification resistance, rot immunity, AC +7
a: Minor Destruction, Renounce Religion


You were on level 1 of the Lair of Beasts.
You worshipped Makhleb.
Makhleb was pleased with you.
You were not hungry.

You visited 2 branches of the dungeon, and saw 9 of its levels.

You collected 415 gold pieces.

Inventory:

Hand Weapons
 a - a +1 war axe (weapon)
Armour
 c - a +0 shield (worn)
 D - the +9 scale mail of a treasure trove (worn) {Int+4}
   (You found it on level 4 of the Dungeon)

   It affects your intelligence (+4).
 G - a scarf of spirit shield (worn)
Jewellery
 g - a ring of wizardry (left hand)
 l - an amulet of regeneration (around neck)
Wands
 w - a wand of lightning (5/15)
 I - a wand of flame (39/48)
 K - a wand of enslavement (15/24)
Scrolls
 e - a scroll of remove curse
 m - 4 scrolls of magic mapping
 s - a scroll of blinking
 t - 2 scrolls of identify
 u - a scroll of random uselessness
 y - 3 scrolls of teleportation
 z - 2 scrolls of enchant armour
 C - a scroll of immolation
Potions
 b - a potion of invisibility {unknown}
 d - a potion of might
 i - a potion of degeneration {unknown}
 j - a potion of berserk rage {unknown}
 k - a potion of cancellation {unknown}
 n - 2 potions of magic {unknown}
 p - a potion of haste {unknown}
 q - 4 potions of ambrosia
 r - 2 potions of heal wounds {unknown}
 v - 3 potions of flight {unknown}
 J - a potion of lignification {unknown}
 L - a potion of resistance {unknown}
Comestibles
 f - 9 bread rations
 h - 3 meat rations
 o - 2 chunks of flesh
 x - a royal jelly
 B - 4 fruits


   Skills:
 + Level 4.5 Fighting
 * Level 12.4 Axes
 + Level 4.4 Armour
 - Level 3.2 Shields


You had 9 spell levels left.
You didn't know any spells.

Dungeon Overview and Level Annotations

Branches:
Dungeon (8/15)             Temple (0/1) D:6            Lair (1/6) D:8

Altars:
Ashenzari
Elyvilon
Gozag
Makhleb
Okawaru
Ru
Trog
Vehumet
Xom
Yredelemnul
Zin
The Shining One

Annotations:
D:4 1 runed door
D:5 2 transporters
D:6 2 transporters


Innate Abilities, Weirdness & Mutations

You are resistant to torment.
Your stone body is resilient. (AC +7)
You are immune to poison.
You resist negative energy. (rN+)
You are resistant to electric shocks. (rElec)
You can survive without breathing.
You are immune to petrification.
You are immune to rotting.
You are covered in fur. (AC +1)


Message History

The nine-headed hydra closely misses you. x2
The nine-headed hydra bites you but does no damage.
The nine-headed hydra bites you! x2
* * * LOW HITPOINT WARNING * * *
The nine-headed hydra bites you.
* * * LOW HITPOINT WARNING * * *
The nine-headed hydra bites you but does no damage. x2
You lop one of the nine-headed hydra's heads off!
The eight-headed hydra grows two more!
You slash the ten-headed hydra!
The ten-headed hydra is moderately wounded.
You slice the spiny frog!!
You kill the spiny frog!
Makhleb accepts your kill.
You closely miss the black bear. The black bear bites you.
* * * LOW HITPOINT WARNING * * *
You block the black bear's attack. The black bear closely misses you.
The ten-headed hydra bites you.
* * * LOW HITPOINT WARNING * * *
The ten-headed hydra bites you.
You die...

#.............#....##
##...#........#.......
#...%#......).#.....#.
#............#....##
#...#>.......#....##
#####...#.######.#......
........................
...............†......[.
...............D@.......
...............h........
........................
.#####..................
.....#................##
.....#................#
........≈.P...≈P≈PP.....
........≈P≈≈P≈≈P≈PP#..##
.....#..PPPP≈≈P≈≈≈P...P


You could see a ten-headed hydra and a black bear (berserk).

Vanquished Creatures
  A spiny frog (Lair:1)
  A komodo dragon (D:8)
  A hippogriff (D:7)
  The ghost of StormFighter the Insei, an amateur OpTm (D:4)
  A shadow (D:6)
  A water moccasin (Lair:1)
  An orc warrior (D:7)
  A sky beast (D:8)
  An ice beast (D:8)
  3 ogres
  4 centaurs
  2 big kobolds
  A bullfrog (D:7)
  2 scorpions
  10 killer bees
  An electric eel (Lair:1)
  4 howler monkeys (D:7)
  3 crimson imps
  A bullfrog zombie (D:6)
  4 hounds
  2 orc priests (D:8)
  3 jellies
  7 orc wizards
  A statue (D:8)
  4 worker ants
  A hound zombie (D:6)
  A howler monkey zombie (D:5)
  7 gnolls
  10 adders
  A shadow imp (D:6)
  5 oozes
  An adder zombie (D:5)
  4 worms
  5 leopard geckos
  11 orcs
  A ball python (D:2)
  5 bats
  A giant cockroach (D:7)
  3 goblins
  2 hobgoblins (D:1)
  16 jackals
  4 quokkas
  7 frilled lizards
  A jackal skeleton (D:4)
  13 kobolds
  8 rats
  2 plants (D:8)
170 creatures vanquished.

Vanquished Creatures (others)
  A plant (D:8)
1 creature vanquished.

Grand Total: 171 creatures vanquished

Notes
Turn   | Place    | Note
-------+----------+-------------------------------------------
     0 | D:1      | zero the Gargoyle Fighter began the quest for the Orb.
     0 | D:1      | Reached XP level 1. HP: 14/14 MP: 1/1
    39 | D:1      | Reached skill level 2 in Axes
    55 | D:1      | Reached XP level 2. HP: 15/19 MP: 2/2
   258 | D:1      | Reached skill level 3 in Axes
   282 | D:1      | Reached XP level 3. HP: 23/23 MP: 3/3
   707 | D:2      | Found a shimmering altar of Xom.
  1011 | D:2      | Reached XP level 4. HP: 28/28 MP: 4/4
  1245 | D:3      | Reached skill level 4 in Axes
  1333 | D:3      | Found an opulent altar of Gozag.
  1336 | D:3      | Reached XP level 5. HP: 32/32 MP: 5/5
  1384 | D:3      | Found a shattered altar of Ashenzari.
  1387 | D:3      | Found a basalt altar of Yredelemnul.
  1399 | D:3      | Found a burning altar of Makhleb.
  1412 | D:3      | Found a glowing silver altar of Zin.
  1510 | D:3      | Became a worshipper of Makhleb the Destroyer
  1619 | D:3      | Found a glowing golden altar of the Shining One.
  1748 | D:4      | Noticed StormFighter's ghost (amateur OpTm)
  1752 | D:4      | Reached skill level 5 in Axes
  2236 | D:4      | Killed StormFighter's ghost
  2236 | D:4      | Reached skill level 6 in Axes
  2236 | D:4      | Reached XP level 6. HP: 29/37 MP: 6/6
  2381 | D:4      | Found a runed door.
  2381 | D:4      | Noticed an angel
  2414 | D:4      | Found a white marble altar of Elyvilon.
  2657 | D:4      | Got a jewelled scale mail
  2668 | D:4      | Identified the +9 scale mail of a treasure trove {Int+4} (You found it on level 4 of the Dungeon)
  3037 | D:5      | Entered Level 5 of the Dungeon
  3084 | D:5      | Reached XP level 7. HP: 36/41 MP: 7/7
  3123 | D:5      | Reached skill level 7 in Axes
  3277 | D:5      | Reached * piety under Makhleb
  3295 | D:5      | Reached skill level 8 in Axes
  3321 | D:5      | Found a sacrificial altar of Ru.
  3321 | D:5      | Noticed a spriggan
  3322 | D:5      | Noticed a two-headed ogre
  3323 | D:5      | Found a transporter.
  3333 | D:5      | Noticed a basilisk
  3333 | D:5      | a spriggan changed into a basilisk
  3355 | D:5      | Found a transporter.
  3372 | D:5      | Reached XP level 8. HP: 44/46 MP: 8/8
  3540 | D:5      | Found a white marble altar of Elyvilon.
  3605 | D:5      | Noticed a spiny frog
  3605 | D:5      | a swamp drake changed into a spiny frog
  3964 | D:6      | Found a transporter.
  3991 | D:6      | Found a transporter.
  4076 | D:6      | Noticed a shadow
  4088 | D:6      | Killed a shadow
  4088 | D:6      | Reached skill level 9 in Axes
  4131 | D:6      | Noticed a kobold demonologist
  4368 | D:6      | Found a staircase to the Ecumenical Temple.
  4461 | D:6      | Found an iron altar of Okawaru.
  4641 | D:7      | Noticed a hippogriff
  4649 | D:7      | Killed a hippogriff
  4704 | D:7      | Reached skill level 10 in Axes
  4712 | D:7      | Reached XP level 9. HP: 51/51 MP: 9/9
  4969 | D:7      | Reached ** piety under Makhleb
  4978 | D:7      | Found a shimmering altar of Xom.
  5012 | D:7      | Reached skill level 11 in Axes
  5448 | D:8      | Found a bloodstained altar of Trog.
  5497 | D:8      | Gained mutation: You have a pair of small horns on your head. [potion of mutation]
  5497 | D:8      | Gained mutation: You have an increased reservoir of magic. (+10% MP) [potion of mutation]
  5498 | D:8      | Lost mutation: You have a pair of small horns on your head. [potion of mutation]
  5498 | D:8      | Lost mutation: You have an increased reservoir of magic. (+10% MP) [potion of mutation]
  5498 | D:8      | Gained mutation: You are clumsy. (Dex -2) [potion of mutation]
  5498 | D:8      | Lost mutation: You are clumsy. (Dex -2) [potion of mutation]
  5498 | D:8      | Gained mutation: You are covered in fur. (AC +1) [potion of mutation]
  5834 | D:8      | Found a radiant altar of Vehumet.
  5989 | D:8      | Reached skill level 12 in Axes
  6271 | D:8      | Found a staircase to the Lair.
  6272 | D:8      | Noticed a komodo dragon
  6308 | D:8      | Killed a komodo dragon
  6308 | D:8      | Reached *** piety under Makhleb
  6308 | D:8      | Reached XP level 10. HP: 31/57 MP: 4/10
  6441 | Lair:1   | Entered Level 1 of the Lair of Beasts
  6568 | Lair:1   | Noticed a six-headed hydra
  6571 | Lair:1   | Noticed a spiny frog
  6660 | Lair:1   | Killed a spiny frog
  6660 | Lair:1   | Slain by a ten-headed hydra

Vault maps used:
D:1:      dpeg_arrival_simpleton_a
D:2:      xom_butterflies, first_bread
D:3:      nicolae_overflow_crystal_walls, lemuel_crystal_altar,
          grunt_temple_overflow_diamond, tso_altar
D:4:      minmay_hedge_maze, grunt_ministairs_2, lemuel_angel_altar
D:5:      elyvilon_altar_4, gammafunk_temple_overflow_arena, minivault_14
D:6:      gammafunk_wand_slinger, lemuel_coloured_pillars_altar,
          minmay_temple_entry_nine_rooms
D:7:      basic_altar
D:8:      kennysheep_little_box, vehumet_statue, david_lair_shrubbed
Lair:1:   basic_altar, hangedman_lair_generics_rect, grunt_megastairs_5,
          serial_bayou_shore_a, serial_bayou_shore_b, uniq_joseph

Skill      XL: |  1  2  3  4  5  6  7  8  9 |
---------------+----------------------------+-----
Axes           | 2 3 4 6 8 10 12 | 12.4
Fighting       | 4 |  4.5
Armour         | 4 |  4.4
Shields        | |  3.2

Action                   |  1- 3 |  4- 6 |  7- 9 | 10-12 || total
-------------------------+-------+-------+-------+-------++-------
Melee: War axe           |   103 |   145 |   479 |    27 ||   754
Invok: Minor Destruction |       |       |       |     2 ||     2
       Lesser Servant of |       |       |       |     1 ||     1
Evoke: Wand              |       |       |       |     4 ||     4
  Use: Scroll            |       |     8 |     6 |       ||    14
       Potion            |       |       |     2 |     2 ||     4
  Eat: Chunk             |       |     6 |     9 |     1 ||    16
       Fruit             |       |     1 |     3 |       ||     4
Armor: Scale mail        |    60 |    95 |   410 |    65 ||   630
Dodge: Dodged            |    37 |    49 |   163 |    29 ||   278
Block: Shield            |    70 |    63 |   278 |    27 ||   438

Table legend:
 A = Spawn XP
 B = Non-spawn XP
 C = Spawn XP percentage of total XP
 D = Spawn monster count
 E = Non-spawn monster count
 F = Spawn count percentage of total count
 G = Total turns spent on level
                    A         B        C        D         E        F      G
               +---------+---------+-------+---------+---------+-------+---------
         Total |       0 |    5481 |   0.0 |       0 |     168 |   0.0 |  6660
               +---------+---------+-------+---------+---------+-------+---------
           D:1 |       0 |      44 |   0.0 |       0 |      24 |   0.0 |   511
           D:2 |       0 |      44 |   0.0 |       0 |       9 |   0.0 |   692
           D:3 |       0 |     110 |   0.0 |       0 |      28 |   0.0 |   964
           D:4 |       0 |     377 |   0.0 |       0 |      14 |   0.0 |   870
           D:5 |       0 |     796 |   0.0 |       0 |      24 |   0.0 |   904
           D:6 |       0 |     341 |   0.0 |       0 |       5 |   0.0 |   547
           D:7 |       0 |    1536 |   0.0 |       0 |      26 |   0.0 |   897
           D:8 |       0 |    1771 |   0.0 |       0 |      35 |   0.0 |  1056
        Lair:1 |       0 |     462 |   0.0 |       0 |       3 |   0.0 |   219
               +---------+---------+-------+---------+---------+-------+---------
